 Dungeon Crawl Stone Soup version 0.23-a0-622-g59b4ea9 (console) character file.

159 bli the Magician (level 5, -1/41 HPs)
             Began as a Barachi Ice Elementalist on Dec 23, 2018.
             Was a Follower of Makhleb.
             Killed from afar by an orc wizard (4 damage)
             ... with a puff of flame
             ... on level 3 of the Dungeon.
             The game lasted 00:08:43 (2175 turns).

bli the Magician (Barachi Ice Elementalist)         Turns: 2175, Time: 00:08:44

Health: -1/41      AC:  5    Str:  9    XL:     5   Next: 40%
Magic:  7/11       EV: 12    Int: 16    God:    Makhleb [*.....]
Gold:   156        SH:  0    Dex: 13    Spells: 11/12 levels left

rFire    + . .     SeeInvis .   d - +1 dagger (drain)
rCold    . . .     Gourm    .   (no shield)
rNeg     . . .     Faith    .   z - +1 leather armour {rF+}
rPois    .         Spirit   .   (no helmet)
rElec    .         Reflect  .   i - +0 cloak
rCorr    .         Harm     .   (no gloves)
MR       +....                  (no boots)
Stlth    ++........             (no amulet)
HPRegen  0.13/turn              r - ring of protection from magic
MPRegen  0.12/turn              (no ring)

@: very slightly contaminated, slow
A: +LOS, swims, slowness 1, strong legs 1
a: Hop, Renounce Religion


You were on level 3 of the Dungeon.
You worshipped Makhleb.
Makhleb was aware of your devotion.
You were not hungry.

You visited 1 branch of the dungeon, and saw 3 of its levels.

You collected 156 gold pieces.

Inventory:

Hand Weapons
 b - a +0 short sword
 d - a +1 dagger of draining (weapon)
Missiles
 f - 6 tomahawks (quivered)
 g - 46 sling bullets
 h - 33 stones
 m - 6 tomahawks of returning
 o - 12 poisoned needles
Armour
 a - a +0 robe
 i - a +0 cloak (worn)
 t - a +0 leather armour
 w - a +3 scale mail
 z - a +1 leather armour of fire resistance (worn)
Jewellery
 r - a ring of protection from magic (left hand)
Scrolls
 e - 2 scrolls of identify {unknown}
 l - a scroll of remove curse {unknown}
 p - 3 scrolls of teleportation {unknown}
 q - 2 scrolls of enchant weapon {unknown}
 s - a scroll of magic mapping {unknown}
 u - a scroll of blinking {unknown}
 v - a scroll of amnesia {unknown}
 y - a scroll of fog {unknown}
Potions
 j - 2 potions of lignification {unknown}
 k - a potion of brilliance {unknown}
 n - 2 potions of curing {unknown}
Comestibles
 c - 5 rations
 x - 16 chunks of flesh


   Skills:
 * Level 3.0 Fighting
 + Level 2.2 Short Blades
 - Level 2.1 Dodging
 - Level 1.7 Stealth
 * Level 4.2 Spellcasting
   Level 1.1 Conjurations
 - Level 3.6 Ice Magic


You had 11 spell levels left.
You knew the following spells:

 Your Spells              Type           Power        Failure   Level  Hunger
a - Freeze                Ice            ##..         5%          1    None

Your spell library contained the following spells:

 Spells                   Type           Power        Failure   Level  Hunger
 Throw Frost              Conj/Ice       ##....       14%         2    ##.....
 Ozocubu's Armour         Chrm/Ice       #.......     32%         3    ###....
 Throw Icicle             Conj/Ice       ##......     65%         4    ####...
 Summon Ice Beast         Ice/Summ       #.......     73%         4    ####...


Dungeon Overview and Level Annotations

Branches:
Dungeon (3/15)

Altars:
Cheibriados
Fedhas
Kikubaaqudgha
Makhleb
Okawaru
Sif Muna
The Shining One


Innate Abilities, Weirdness & Mutations

Shadows flee at your approach. (+LOS)
You can swim through water.
You cover ground slowly.
You can hop short distances.


Message History

Aim: an orc wizard, wielding a +0 dagger and wearing a +0 robe (moderately You freeze the orc wizard.
The orc wizard is heavily wounded.
The orc wizard closely misses you.
Casting: Freeze (safe; 5% risk of failure)
Confirm with . or Enter, or press ? or * to list all spells.
Aiming: Freeze (safe; 5% risk of failure)
Press: ? - help, Shift-Dir - straight line, f/p - orc wizard
Aim: an orc wizard, wielding a +0 dagger and wearing a +0 robe (heavily You freeze the orc wizard.
The orc wizard is severely wounded.
The orc wizard hits you with a +0 dagger.
* * * LOW HITPOINT WARNING * * *
You hit the orc wizard.
The orc wizard is almost dead.
You closely miss the orc wizard.
The orc wizard is almost dead.
The orc wizard gestures at you while chanting.
The puff of flame hits you! You resist.
You die...

#.# #.# ..... ##.# #.# .....
#..# #.##..... ##.##
#.#...... #..# #...# #)##
##÷)## ##)# ###.÷.# #. #.(#
#....## #.# #.####.##.# #.#
###.# #.. #.# #.# #o@.# #.#
#.# #.# ..## #o### #.# #.#
#.# #.....####o#####.###.#
#.#
...................#.#####.#
#######........###..........
####....## ###.#####.#
##....# #.# #.#
#####.....######.#####.#
.>....##.#.........<#.#
###...##............#>#
##..([####..........#.#


You could see an orc wizard and 2 orcs.

Vanquished Creatures
  A hound (D:2)
  An orc priest (D:3)
  Terence (D:3)
  A dart slug (D:1)
  2 leopard geckos
  9 orcs (D:3)
  3 giant cockroaches
  6 goblins
  6 hobgoblins
  2 jackals (D:1)
  3 quokkas
  7 bats
  5 frilled lizards
  7 kobolds
  7 rats
61 creatures vanquished.

Notes
Turn   | Place    | Note
-------+----------+-------------------------------------------
     0 | D:1      | bli the Barachi Ice Elementalist began the quest for the
                  | Orb.
     0 | D:1      | Reached XP level 1. HP: 13/13 MP: 3/3
    65 | D:1      | Reached skill level 1 in Fighting
    65 | D:1      | Reached XP level 2. HP: 1/21 MP: 0/5
   621 | D:1      | Reached XP level 3. HP: 19/27 MP: 7/7
   650 | D:1      | Reached skill level 3 in Spellcasting
   725 | D:1      | Found a glowing golden altar of the Shining One.
   852 | D:2      | Found a burning altar of Makhleb.
   862 | D:2      | Reached skill level 1 in Short Blades
   874 | D:2      | Became a worshipper of Makhleb the Destroyer
   892 | D:2      | Reached XP level 4. HP: 32/33 MP: 9/9
  1017 | D:2      | Found an ancient bone altar of Kikubaaqudgha.
  1020 | D:2      | Found a blossoming altar of Fedhas.
  1087 | D:2      | Found an iron altar of Okawaru.
  1324 | D:2      | Found a snail-covered altar of Cheibriados.
  1325 | D:2      | Found a deep blue altar of Sif Muna.
  1816 | D:3      | Noticed Terence
  1822 | D:3      | Killed Terence
  1955 | D:3      | Reached XP level 5. HP: 30/39 MP: 8/10
  1968 | D:3      | Reached * piety under Makhleb
  1993 | D:3      | Reached skill level 4 in Spellcasting
  2175 | D:3      | Killed from afar by an orc wizard

Vault maps used:
D:1:      kennysheep_arrival_forest, kennysheep_flooded_box, interstate_on_off
D:2:      minmay_door_path, grunt_temple_overflow_growth_and_decay,
          makhleb_heckhound_becter, okawaru_metal_pillars_1_2,
          chequers_temple_overflow_statue_of_worship
D:3:      first_ration, uniq_terence

Skill      XL: |  1  2  3  4  5 |
---------------+----------------+-----
Fighting       | 1 2 3 |  3.0
Spellcasting   | 3 4 |  4.2
Short Blades   | 1 2 |  2.2
Dodging        | |  2.1
Stealth        | |  1.7
Conjurations   | |  1.1
Ice Magic      | |  3.6

Action                   |  1- 3 |  4- 6 || total
-------------------------+-------+-------++-------
Melee: Dagger            |    42 |    91 ||   133
       Short sword       |     1 |       ||     1
Throw: Tomahawk          |     1 |     6 ||     7
 Cast: Freeze            |     8 |    26 ||    34
 Stab: Sleeping          |     1 |     1 ||     2
  Eat: Chunk             |       |     5 ||     5
Armor: Robe              |    17 |     3 ||    20
       Leather armour    |       |    11 ||    11
Dodge: Dodged            |    30 |    75 ||   105

Table legend:
 A = Non-vault XP
 B = Vault XP
 C = Vault XP percentage of total XP
 D = Non-vault monster count
 E = Vault monster count
 F = Vault count percentage of total count
                 A         B        C        D         E       F
            +---------+---------+-------+---------+---------+-------
      Total |     145 |      83 |  36.4 |      57 |       4 |   6.6
            +---------+---------+-------+---------+---------+-------
        D:1 |      38 |       0 |   0.0 |      21 |       0 |   0.0
        D:2 |      18 |      47 |  72.3 |      13 |       3 |  18.8
        D:3 |      89 |      36 |  28.8 |      23 |       1 |   4.2
            +---------+---------+-------+---------+---------+-------
